 Dungeon Crawl Stone Soup version 0.31-a0-145-g046c7d2549 (webtiles) character file.

Game seed: 9049591490524315889

57 Fnord73 the Digger (level 3, -5/31 HPs)
             Began as a Troll Earth Elementalist on June 6, 2023.
             Slain by Terence
             ... wielding a +0 flail
              (12 damage)
             ... on level 2 of the Dungeon.
             The game lasted 00:12:36 (1239 turns).

Fnord73 the Digger (Troll Earth Elementalist)       Turns: 1239, Time: 00:12:36

Health: -5/31      AC:  4    Str: 16    XL:     3   Next: 73%
Magic:  4/4        EV: 10    Int: 13    God:
Gold:   101        SH:  0    Dex: 10    Spells: 4/5 levels left

rFire   . . .        k - staff of death
rCold   . . .        (no shield)
rNeg    + . .        a - +0 robe
rPois   .            (helmet restricted)
rElec   .            (no cloak)
rCorr   .            (gloves unavailable)
SInv    .            (boots unavailable)
Will    .....        (no amulet)
Stlth   +            (no ring)
HPRegen 1.05/turn    (no ring)
MPRegen 0.09/turn

%: no passive effects
@: no status effects
A: large, unfitting armour, claws 3, regeneration 1, shaggy fur 1, tough skin 1
a: no special abilities


You were on level 2 of the Dungeon.
You visited 1 branch of the dungeon, and saw 2 of its levels.

You collected 101 gold pieces.

Inventory:

Hand Weapons
 e - a +0 club
 i - a +0 whip of electrocution
 j - a +0 dagger
Missiles
 c - 6 poisoned darts
 f - 23 stones
Armour
 a - a +0 robe (worn)
 d - a +0 pair of gloves
Magical Staves
 k - a staff of death (weapon)
Scrolls
 g - 2 scrolls of fear {unknown}
 l - a scroll of amnesia {unknown}
 n - a scroll of magic mapping {unknown}
 o - a scroll of acquirement {unknown}
Potions
 h - a potion of enlightenment {unknown}
 m - a potion of lignification {unknown}


   Skills:
 + Level 0.2 Fighting
 + Level 0.3 Maces & Flails
 + Level 2.0 Dodging
 + Level 1.0 Stealth
 + Level 1.6 Spellcasting
 + Level 0.6 Transmutations
 + Level 3.5 Earth Magic


You had 4 spell levels left.
You knew the following spells:

 Your Spells              Type           Power      Damage    Failure   Level
a - Sandblast             Erth           20%        2d7       6%          1

Your spell library contained the following spells:

 Spells                   Type           Power      Damage    Failure   Level
 Passwall                 Tmut/Erth      5%         N/A       17%         2
 Stone Arrow              Conj/Erth      10%        3d7       36%         3
 Petrify                  Tmut/Erth      6%         N/A       75%         4


Dungeon Overview and Level Annotations

Branches:
Dungeon (2/15)

Altars:
Dithmenos

Shops:
D:1 !

Annotations:
D:2 Terence


Innate Abilities, Weirdness & Mutations

You are too large for most types of armour.
You have claws for hands.
Your natural rate of healing is unusually fast.
You are covered in fur. (AC +1)
You have tough skin. (AC +1)


Message History

You see here a +0 robe.
The ball python hisses angrily.
You hit Terence.
Terence is lightly wounded.
Terence hits you with a +0 flail!
Casting: Sandblast (safe; 6% risk of failure)
Confirm with . or Enter, or press ? or * to list all spells.
Aiming: Sandblast (safe; 6% risk of failure)
Press: ? - help, Shift-Dir - straight line, f - Terence
Aim: Terence, wielding a +0 flail and wearing a +0 chain mail (lightly wounded, 87% to hit)
The blast of sand hits Terence but does no damage.
Terence is lightly wounded.
Terence completely misses you. Terence hits you with a +0 flail!
Casting: Sandblast (safe; 6% risk of failure)
Confirm with . or Enter, or press ? or * to list all spells.
Aiming: Sandblast (safe; 6% risk of failure)
Press: ? - help, Shift-Dir - straight line, f/p - Terence
Aim: Terence, wielding a +0 flail and wearing a +0 chain mail (lightly wounded, 87% to hit)
The blast of sand hits Terence.
Terence is lightly wounded.
Terence hits you with a +0 flail.
Casting: Sandblast (safe; 6% risk of failure)
Confirm with . or Enter, or press ? or * to list all spells.
Aiming: Sandblast (safe; 6% risk of failure)
Press: ? - help, Shift-Dir - straight line, f/p - Terence
Aim: Terence, wielding a +0 flail and wearing a +0 chain mail (lightly wounded, 87% to hit)
The blast of sand hits Terence but does no damage.
Terence is lightly wounded.
Terence hits you but does no damage. Terence hits you with a +0 flail.
Casting: Sandblast (safe; 6% risk of failure)
Confirm with . or Enter, or press ? or * to list all spells.
Aiming: Sandblast (safe; 6% risk of failure)
Press: ? - help, Shift-Dir - straight line, f/p - Terence
Aim: Terence, wielding a +0 flail and wearing a +0 chain mail (lightly wounded, 87% to hit)
The blast of sand hits Terence!
Terence is severely wounded.
Terence hits you with a +0 flail!
* * * LOW HITPOINT WARNING * * *
Magic courses through your body. Terence hits you with a +0 flail!
You die...

.#
###.........####
..# #.).... ##
#....########
.## ##†#####
####.##.# .#
#..# #....##.#
#####.##
..#####.#
####.....# .##
#.# #....#####
.# #.# ###.####
.# #.# ##[..# .#
#.. #@.### .#
..# #@## .#


#SB .# .... ## ...... ........ ....(....# .........## You could see Terence, a
giant cockroach and a ball python.

Vanquished Creatures
  3 adders (D:2)
  A worm (D:2)
  A giant cockroach (D:1)
  4 goblins
  4 hobgoblins
  A quokka (D:2)
  5 ball pythons
  2 frilled lizards
  5 kobolds
  3 rats
29 creatures vanquished.

Notes
Turn   | Place    | Note
-------+----------+-------------------------------------------
     0 | D:1      | Fnord73 the Troll Earth Elementalist began the quest for
                  | the Orb.
     0 | D:1      | Reached XP level 1. HP: 16/16 MP: 1/1
   151 | D:1      | Reached skill level 3 in Earth Magic
   196 | D:1      | Found Zesit's Distillery.
   287 | D:1      | Reached XP level 2. HP: 22/24 MP: 3/3
   984 | D:2      | Reached XP level 3. HP: 27/31 MP: 2/4
  1061 | D:2      | Found a shadowy altar of Dithmenos.
  1229 | D:2      | Noticed Terence
  1239 | D:2      | Slain by Terence

Illustrated notes

Levels and vault maps discovered:
D:1:      dpeg_arrival_water_altar, layout_loops_corners, serial_shops,
          nicolae_shop_industrial_runoff, st_stairs_7
D:2:      layout_rooms, basic_altar, uniq_terence

Skill      XL: |  1  2  3 |
---------------+----------+-----
Earth Magic    | 3 |  3.5
Dodging        | 2 |  2.0
Fighting       | |  0.2
Maces & Flails | |  0.3
Stealth        | |  1.0
Spellcasting   | |  1.6
Transmutations | |  0.6

Action                     || total
---------------------------++-------
  Melee: Club              ||    79
         Unarmed           ||    13
         Staff             ||    23
   Cast: Sandblast         ||    23
    Use: Potion            ||     1
   Stab: Sleeping          ||     1
 Armour: Robe              ||    71
  Dodge: Dodged            ||    93

Table legend: (Time is in decaauts)
 A = Elapsed time spent in this place.
 B = Non-inter-level travel time spent in this place.
 C = Inter-level travel time spent in this place.
 D = Time resting spent in this place.
 E = Time spent auto-exploring this place.
 F = Levels seen in this place.
 G = Mean time per level.
                   A        B        C        D        E       F      G
               +--------+--------+--------+--------+--------+-----+--------+
         Total |   1277 |   1277 |      0 |    220 |      0 |   2 |  638.5 |
       Dungeon |   1277 |   1277 |      0 |    220 |      0 |   2 |  638.5 |
               +--------+--------+--------+--------+--------+-----+--------+

Top non-repeatable levels by time:
     D:1: 928 daAuts
     D:2: 349 daAuts
